 Dungeon Crawl Stone Soup version 0.16.1-11-g651b585 (webtiles) character file.

6811 abixa the Martial Artist (level 11, -23/58 HPs)
             Began as a Vine Stalker Warper on Apr 2, 2015.
             Was a High Priest of Okawaru.
             Hit by a large rock thrown by a cyclops (39 damage)
             ... on level 11 of the Dungeon.
             The game lasted 00:48:04 (10321 turns).

abixa the Martial Artist (Vine Stalker Warper)     Turns: 10321, Time: 00:48:04

Health: -23/58     AC:  9    Str: 14    XL:     11   Next: 5%
Magic:  0/22       EV: 12    Int: 16    God:    Okawaru [*****.]
Gold:   397        SH:  0    Dex: 14    Spells: 5 memorised, 4 levels left

rFire  . . .     SeeInvis +       - Unarmed
rCold  . . .     Clarity  .     g - +0 ring mail
rNeg   . . .     SustAb   .     (no shield)
rPois  +         Gourm    .     s - +0 helmet
rElec  +         Spirit   +     H - +0 cloak
rCorr  .         Warding  .     Z - +0 pair of gloves {archery}
rMut   +         Stasis   .     (no boots)
MR     +....                    K - amulet of resist mutation
Stlth  +.........               X - ring of see invisible
                                Q - ring of poison resistance

@: somewhat resistant to hostile enchantments, very unstealthy
A: fangs 3, regeneration 2, electricity resistance, magic shield, antimagic
bite, no device heal 3, rot immunity
a: Heroism, Finesse, Renounce Religion


You were on level 11 of the Dungeon.
You worshipped Okawaru.
Okawaru was extremely pleased with you.
You were hungry.

You visited 2 branches of the dungeon, and saw 12 of its levels.

You collected 397 gold pieces.

Inventory:

Hand weapons
 b - a +0 blowgun
 w - a +0 trident
 A - a +2 dagger of venom
 P - a +0 hunting sling
Missiles
 e - 2 tomahawks of dispersal (quivered)
 h - 358 stones
 x - 2 tomahawks
 D - 56 poisoned needles
 F - 42 sling bullets
Armour
 g - a +0 ring mail (worn)
 s - a +0 helmet (worn)
 H - a +0 cloak (worn)
 W - a troll hide
 Z - a +0 pair of gloves of archery (worn)
Jewellery
 v - an uncursed ring of teleportation
 K - an amulet of resist mutation (around neck)
 Q - a ring of poison resistance (left hand)
 U - an uncursed ring of flight
 X - a ring of see invisible (right hand)
Magical devices
 R - a wand of slowing (15)
 S - a wand of slowing (32)
 T - a wand of polymorph (0)
Scrolls
 d - 2 scrolls of blinking
 i - 5 scrolls of teleportation
 j - 4 scrolls of remove curse
 l - 2 scrolls of magic mapping {unknown}
 o - 2 scrolls of fear
 r - a scroll of recharging
 t - 2 scrolls of enchant armour
 u - 2 scrolls of immolation {unknown}
 y - 2 scrolls of random uselessness {unknown}
 B - a scroll of enchant weapon {unknown}
 G - a scroll of brand weapon {unknown}
 J - 2 scrolls of noise {unknown}
 L - a scroll of torment {unknown}
 M - a scroll of holy word {unknown}
 N - a scroll of acquirement {unknown}
Potions
 k - 4 potions of brilliance
 m - a potion of ambrosia
 n - a potion of restore abilities
 q - a potion of magic
 z - 6 potions of curing
 C - 3 potions of flight
 O - a potion of might
Books
 c - a book of Spatial Translocations

   Spells                             Type                      Level
   a - Apportation                    Translocation                1
   b - Blink                          Translocation                2
   c - Shroud of Golubria             Charms/Translocation         2
   d - Portal Projectile              Translocation                3
   e - Teleport Other                 Translocation                3
   f - Passage of Golubria            Translocation                4
 E - a book of Burglary

   Spells                             Type                      Level
   a - Swiftness                      Charms/Air                   2
   b - Passwall                       Transmutation/Earth          3
   c - Passage of Golubria            Translocation                4
   d - Lee's Rapid Deconstruction     Earth                        5
   e - Invisibility                   Hexes                        6
   f - Darkness                       Hexes                        7
Comestibles
 a - 8 bread rations
 f - 6 fruits
 p - 4 beef jerkies
 I - a meat ration
 V - a slice of pizza
 Y - 3 chunks of flesh


   Skills:
 + Level 6.4 Fighting
 - Level 0.8 Throwing
 - Level 3.0 Armour
 - Level 3.0 Dodging
 + Level 10.3 Unarmed Combat
 - Level 3.0 Spellcasting
 - Level 5.0 Charms
 + Level 8.9 Translocations
 - Level 1.1 Invocations


You had 4 spell levels left.
You knew the following spells:

 Your Spells              Type           Power        Failure   Level  Hunger
a - Apportation           Tloc           ####......   1%          1    #......
b - Blink                 Tloc           N/A          1%          2    ##.....
c - Teleport Other        Tloc           ####....     2%          3    ###....
d - Passage of Golubria   Tloc           N/A          12%         4    #####..
e - Shroud of Golubria    Chrm/Tloc      ###.......   3%          2    ##.....


Dungeon Overview and Level Annotations

Branches:
Dungeon (11/15)            Temple (1/1) D:7
   Lair: D:8-11         Orc: D:9-12

Altars:
Ashenzari
Cheibriados
Dithmenos
Elyvilon
Fedhas
Gozag
Kikubaaqudgha
Makhleb
Nemelex Xobeh
Okawaru
Qazlal
Ru
Sif Muna
Trog
Vehumet
Xom
Yredelemnul
The Shining One
Jiyva

Shops:
D:4 (

Annotations:
D:3 Shoikan's ghost, average MiBe


Innate Abilities, Weirdness & Mutations

You have razor-sharp teeth.
You heal very quickly.
When hurt, damage is shared between your health and your magic reserves.
Your bite disrupts and absorbs the magic of your enemies.
Potions and wands cannot restore your health.
You are immune to rotting.
You are resistant to electric shocks.


Message History

Unknown command.
Throwing (i - inventory. (,) - cycle):
e - 3 tomahawks of dispersal
Press: ? - help, Shift-Dir - straight line, f - cyclops
Aim: a cyclops (heavily wounded)
You throw a tomahawk of dispersal.
The tomahawk of dispersal hits the cyclops.
The cyclops blinks!
The cyclops is severely wounded.
Drink which item? (? for menu, Esc to quit)
Okay, then.
Unknown command.
Unknown command.
Unknown command.
Unknown command.
Unknown command.
Casting: Blink
Confirm with . or Enter, or press ? or * to list all spells.
You blink.
The cyclops throws a large rock.
The large rock hits you!!!
Ouch! That really hurt!
You die...

#........^.###.#...
#...........#..#### ..#
########'##.#.##### ≈..≈#
#.##'#.....# ....≈≈
#########........... ≈.C>...
...................#
≈....≈≈############...>...##.#
≈≈≈..≈≈..........#####'#####..
.............@..§.'........)...
≈≈≈≈≈≈≈()(......:.###.....###..
≈≈<≈≈≈(≈###)...Y...†'.....# #..
≈.≈≈≈≈≈ #.§C...####.....# #..
..≈≈≈≈# #......# ##.....###..
#≈≈≈≈# #......###..........#
#≈≈# #......##....######## ##
#......##............
#.......#............


You could see a cyclops and a sheep.

Vanquished Creatures
  An ugly thing (D:11)
  10 yaks (D:9)
  A golden eye (D:9)
  2 wyverns
  3 orc warriors (D:7)
  2 ice beasts
  A dwarf (D:11)
  2 sky beasts
  2 black bears
  3 centaurs
  A phantom (D:7)
  5 ogres
  A brain worm (D:11)
  2 big kobolds
  A water moccasin zombie (D:6)
  3 giant frogs
  2 wyvern skeletons
  A water moccasin skeleton (D:6)
  2 scorpions
  5 wights (D:11)
  10 killer bees (D:9)
  A giant frog zombie (D:10)
  2 centaur zombies
  4 crimson imps
  2 jellies
  2 hounds
  3 lava snakes (D:10)
  2 goliath beetles
  A quasit (D:8)
  A giant frog skeleton (D:4)
  4 iguanas
  5 orc priests
  Natasha (D:4)
  9 orc wizards
  9 worker ants
  A sheep (D:11)
  A hound zombie (D:5)
  A worker ant zombie (D:7)
  A hound skeleton (D:8)
  8 adders
  A shadow imp (D:7)
  A worm (D:5)
  5 giant geckos
  44 orcs
  15 bats
  2 bat skeletons
  2 gnoll zombies (D:6)
  9 goblins
  12 hobgoblins
  32 kobolds
  2 quokkas (D:5)
  A ball python zombie (D:5)
  8 giant cockroaches
  A giant gecko zombie (D:6)
  4 giant newts
  7 jackals
  A jackal zombie (D:5)
  12 rats
277 creatures vanquished.

Vanquished Creatures (others)
  A human (D:6)
  An orc (D:8)
  A quokka (D:8)
3 creatures vanquished.

Grand Total: 280 creatures vanquished

Notes
Turn   | Place    | Note
--------------------------------------------------------------
     0 | D:1      | abixa, the Vine Stalker Warper, began the quest for the Orb.
     0 | D:1      | Reached XP level 1. HP: 11/11 MP: 3/3
   230 | D:1      | Reached XP level 2. HP: 10/15 MP: 5/5
   378 | D:1      | Learned a level 2 spell: Blink
   824 | D:2      | Found a shadowy altar of Dithmenos.
  1014 | D:2      | Found a deep blue altar of Sif Muna.
  1260 | D:2      | Reached XP level 3. HP: 18/18 MP: 7/7
  1299 | D:3      | Found a blossoming altar of Fedhas.
  1308 | D:3      | Found an iron altar of Okawaru.
  1320 | D:3      | Became a worshipper of Warmaster Okawaru
  1750 | D:3      | Found a burning altar of Makhleb.
  1784 | D:3      | Reached XP level 4. HP: 23/23 MP: 8/8
  1871 | D:3      | Reached skill level 1 in Armour
  1931 | D:3      | Noticed Shoikan's ghost (average MiBe)
  2327 | D:3      | Learned a level 3 spell: Teleport Other
  2359 | D:4      | Found Goimun's Antique Weapon Emporium.
  2395 | D:4      | Reached skill level 4 in Translocations
  2549 | D:4      | Reached XP level 5. HP: 15/26 MP: 11/11
  2786 | D:4      | Acquired Okawaru's first power
  2855 | D:4      | Gained mutation: You heal very quickly. [vine stalker growth]
  2855 | D:4      | Reached XP level 6. HP: 20/30 MP: 12/12
  3033 | D:4      | Noticed Natasha
  3049 | D:4      | Killed Natasha
  3049 | D:4      | Reached skill level 5 in Unarmed Combat
  3049 | D:4      | Reached skill level 5 in Translocations
  3325 | D:4      | Found a radiant altar of Vehumet.
  3467 | D:5      | Entered Level 5 of the Dungeon
  3591 | D:5      | Reached skill level 1 in Invocations
  3591 | D:5      | Reached XP level 7. HP: 30/35 MP: 12/14
  4065 | D:5      | Reached skill level 6 in Unarmed Combat
  4743 | D:5      | Gained mutation: You have razor-sharp teeth. [vine stalker growth]
  4743 | D:5      | Reached XP level 8. HP: 32/39 MP: 16/16
  5011 | D:6      | Found an ancient bone altar of Kikubaaqudgha.
  5100 | D:6      | Reached skill level 7 in Unarmed Combat
  5634 | D:6      | Found a basalt altar of Yredelemnul.
  5902 | D:6      | Learned a level 4 spell: Passage of Golubria
  6001 | D:6      | Reached XP level 9. HP: 39/45 MP: 18/18
  6004 | D:6      | Reached skill level 8 in Unarmed Combat
  6377 | D:7      | Found a staircase to the Ecumenical Temple.
  6398 | Temple   | Entered the Ecumenical Temple
  6726 | D:7      | Gained mutation: You are resistant to electric shocks. [potion of beneficial mutation]
  7059 | D:7      | Reached skill level 5 in Fighting
  7063 | D:7      | Learned a level 2 spell: Shroud of Golubria
  7279 | D:8      | Reached skill level 1 in Charms
  7669 | D:8      | Found a white marble altar of Elyvilon.
  7886 | D:8      | Reached skill level 5 in Charms
  7966 | D:8      | Found a glowing golden altar of the Shining One.
  7968 | D:8      | Found a stormy altar of Qazlal.
  8247 | D:9      | Reached skill level 9 in Unarmed Combat
  8357 | D:9      | Reached XP level 10. HP: 45/51 MP: 16/18
  8742 | D:9      | Acquired Okawaru's second power
  9210 | D:9      | Reached skill level 10 in Unarmed Combat
  9402 | D:10     | Entered Level 10 of the Dungeon
  9825 | D:11     | Received a gift from Okawaru
  9947 | D:11     | Noticed a green ugly thing
  9976 | D:11     | Killed a green ugly thing
  9976 | D:11     | Reached XP level 11. HP: 35/56 MP: 20/22
 10284 | D:11     | Noticed a cyclops
 10321 | D:11     | Hit by a large rock thrown by a cyclops

Action                   |  1- 3 |  4- 6 |  7- 9 | 10-12 || total
-------------------------+-------+-------+-------+-------++-------
Melee: Unarmed           |   128 |   186 |   439 |   268 ||  1021
       Dagger            |       |       |     2 |       ||     2
 Fire: Blowgun           |       |       |    82 |     8 ||    90
Throw: Stone             |    12 |    40 |    53 |       ||   105
       Tomahawk          |     2 |       |       |    21 ||    23
 Cast: Blink             |       |       |     2 |     9 ||    11
Invok: Heroism           |       |     1 |     1 |     3 ||     5
Evoke: Wand              |       |       |     2 |     3 ||     5
  Use: Scroll            |       |     8 |     6 |     2 ||    16
       Potion            |       |       |     1 |       ||     1
 Stab: Distracted        |       |       |       |     1 ||     1
  Eat: Chunk             |     3 |     6 |    14 |     7 ||    30
       Fruit             |       |       |       |     1 ||     1
